 Dungeon Crawl Stone Soup version 0.29.1-1-gd02db6906a (webtiles) character file.

Game seed: 17316179349151984952

37 Ashen the Chiller (level 3, 8/24 HPs)
             Began as a Demonspawn Ice Elementalist on Sept 15, 2022.
             Got out of the dungeon alive.
             The game lasted 00:02:10 (1373 turns).

Ashen the Chiller (Demonspawn Ice Elementalist)     Turns: 1373, Time: 00:02:11

Health: 8/24       AC:  5    Str:  8    XL:     3   Next: 21%
Magic:  6/6        EV: 12    Int: 18    God:
Gold:   31         SH:  0    Dex: 13    Spells: 5/6 levels left

rFire   . . .      SeeInvis .   e - +0 dagger
rCold   . . .      Faith    .   (no shield)
rNeg    . . .      Spirit   .   a - +0 robe
rPois   .          Reflect  .   (no helmet)
rElec   .          Harm     .   (no cloak)
rCorr   .          Rampage  .   (no gloves)
Will    .....                   h - +2 pair of boots
Stlth   ++........              (no amulet)
HPRegen 0.08/turn               (no ring)
MPRegen 0.20/turn               (no ring)

@: no status effects
A: spiny 1, magic regeneration
a: no special abilities


You escaped.
You visited 1 branch of the dungeon, and saw 2 of its levels.

You collected 31 gold pieces.

Inventory:

Hand Weapons
 e - a +0 dagger (weapon)
Armour
 a - a +0 robe (worn)
 h - a +2 pair of boots (worn)
Magical Staves
 l - a staff of cold
Jewellery
 c - a ring of flight
Scrolls
 d - a scroll of fog {unknown}
 f - a scroll of identify {unknown}
 g - a scroll of enchant weapon {unknown}
Potions
 b - a potion of magic
 i - a potion of heal wounds {unknown}
 j - a potion of resistance {unknown}
 k - a potion of curing {unknown}


   Skills:
 + Level 2.3 Dodging
 + Level 2.3 Stealth
 + Level 2.4 Spellcasting
 + Level 3.9 Ice Magic


You had 5 spell levels left.
You knew the following spells:

 Your Spells              Type           Power      Damage    Failure   Level
a - Freeze                Ice            64%        1d8       3%          1

Your spell library contained the following spells:

 Spells                   Type           Power      Damage    Failure   Level
 Frozen Ramparts          Ice            32%        1d5       11%         3
 Ozocubu's Armour         Ice            16%        N/A       11%         3
 Hailstorm                Conj/Ice       9%         3d4       61%         4


Dungeon Overview and Level Annotations

Branches:
Dungeon (2/15)

Altars:


Innate Abilities, Weirdness & Mutations

You are partially covered in sharp spines.
You regenerate magic rapidly.


Message History

You are poisoned.
The adder poisons you! The adder bites you.
You are more poisoned.
The adder poisons you!
Casting: Freeze (safe; 4% risk of failure)
Confirm with . or Enter, or press ? or * to list all spells.
Aiming: Freeze (safe; 4% risk of failure)
Press: ? - help, Shift-Dir - straight line, f - adder
Aim: an adder (heavily wounded)
You freeze the adder.
The adder is almost dead.
You feel very sick. The adder barely misses you.
Casting: Freeze (safe; 4% risk of failure)
Confirm with . or Enter, or press ? or * to list all spells.
Aiming: Freeze (safe; 4% risk of failure)
Press: ? - help, Shift-Dir - straight line, f/p - adder
Aim: an adder (almost dead)
You freeze the adder.
You kill the adder!
You feel sick.
You have reached level 3!
Your experience leads to an increase in your attributes!
Increase (S)trength, (I)ntelligence, or (D)exterity?
You feel clever. x2; Your demonic ancestry asserts itself...
Your magic begins to regenerate rapidly.
You feel sick.
You feel sick.
You feel sick.
You feel sick.
There is an escape hatch in the ceiling here.
You feel sick. A mysterious force pulls you upwards.
The hatch slams shut behind you.
You feel sick.
You are no longer poisoned.
There is a dry fountain here.
Magic restored.
There is a staircase leading out of the dungeon here.
Are you sure you want to leave the Dungeon?
This will make you lose the game!
You have escaped!

..#.# #...#
##..............###. ###.#
###.####..P..######.#..###.
#.# #......PP...##
#.#...##. #.#
#.##...P♣P...## #...#.##.
#.##
#.##..PPP.P...###..##.##.
#..#
#.##..P♣♣P.....##..##...>
##.#
#..#..♣PP♣......#..##.##.
#.#
#.....P♣.P...P...⌠.##.##.
#.#
#.##..PP@......P...##.##.
#.#
#.##.....P^...P♣P........
#.#
#.###....PP....♣♣P..#.#..
#.#
#.##..P.PP..P..P..^...#..
####.#
#.###..PPP...P♣P∩...#.#..
.....#
#.###...P....^P..#.##.#..
#.####
#................#.##.#..
#.#
#####.###..........##....
#.# #.#####.....#####....


There were no monsters in sight!

Vanquished Creatures
  An adder (D:2)
  An endoplasm (D:1)
  2 giant cockroaches (D:1)
  3 goblins (D:1)
  A hobgoblin (D:1)
  5 jackals (D:1)
  A kobold (D:1)
  2 quokkas (D:1)
  2 ball pythons
  A bat (D:1)
  6 frilled lizards (D:1)
  A rat (D:1)
26 creatures vanquished.

Vanquished Creatures (others)
  4 plants (D:1)
4 creatures vanquished.

Grand Total: 30 creatures vanquished

Notes
Turn   | Place    | Note
-------+----------+-------------------------------------------
     0 | D:1      | Ashen the Demonspawn Ice Elementalist began the quest for
                  | the Orb.
     0 | D:1      | Reached XP level 1. HP: 13/13 MP: 3/3
   563 | D:1      | Gained mutation: You are partially covered in sharp spines.
                  | [demonic ancestry]
   563 | D:1      | Reached XP level 2. HP: 16/19 MP: 0/5
  1355 | D:2      | Gained mutation: You regenerate magic rapidly. [demonic
                  | ancestry]
  1355 | D:2      | Reached XP level 3. HP: 14/24 MP: 3/6
  1373 | D:$      | Got out of the dungeon alive.

Illustrated notes

Levels and vault maps discovered:
D:1:      spicycebolla_arrival_clurvy, layout_loops_ring, nicolae_eternal_life,
          minmay_lizard_king
D:2:      layout_basic

Skill      XL: |  1 |
---------------+----+-----
Stealth        | 2 |  2.3
Dodging        | 2 |  2.3
Spellcasting   | |  2.4
Ice Magic      | |  3.9

Action                   || total
-------------------------++-------
Melee: Unarmed           ||    10
       Dagger            ||    26
 Cast: Freeze            ||    17
 Stab: Sleeping          ||     7
Armor: Robe              ||    12
Dodge: Dodged            ||    28
